 Dungeon Sprint DCSS version 0.23-a0-890-gc183402 (webtiles) character file.

Game seed: 14001779497094491502

37 galech the Skirmisher (level 3, 0/31 HPs)
             Began as a Demonspawn Fighter on Jan 28, 2019.
             Slain by a sky beast (5 damage)
             ... in the Dungeon (Sprint IX: "|||||||||||||||||||||||||||||").
             The game lasted 00:00:13 (131 turns).

galech the Skirmisher (Demonspawn Fighter)           Turns: 131, Time: 00:00:14

Health: 0/31       AC:  7    Str: 21    XL:     3   Next: 23%
Magic:  3/3        EV:  8    Int:  9    God:
Gold:   0          SH: 10    Dex: 13    Spells: 2/2 levels left

rFire    . . .     SeeInvis .   a - +0 war axe
rCold    . . .     Gourm    .   c - +0 shield
rNeg     . . .     Faith    .   b - +0 scale mail
rPois    .         Spirit   .   (no helmet)
rElec    .         Reflect  .   (no cloak)
rCorr    .         Harm     .   (no gloves)
MR       .....     NoTele   +   (no boots)
Stlth    +.........             (no amulet)
HPRegen  0.10/turn              (no ring)
MPRegen  0.08/turn              (no ring)

@: mighty
A: nightstalker 1, sturdy frame 1
a: no special abilities


You were in the Dungeon.
You were not hungry.

You visited 1 branch

Inventory:

Hand Weapons
 a - a +0 war axe (weapon)
Armour
 b - a +0 scale mail (worn)
 c - a +0 shield (worn)
Scrolls
 k - a scroll of blinking
Potions
 e - a potion of curing
 g - a potion of heal wounds
 h - a potion of haste
 i - 2 potions of magic
 j - a potion of berserk rage
Comestibles
 f - a ration
 l - 8 chunks of flesh


   Skills:
 + Level 4.4 Fighting
 + Level 3.0 Axes
 + Level 4.1 Armour
 + Level 4.1 Shields


You had 2 spell levels left.
You didn't know any spells.
Your spell library was empty.

Dungeon Overview and Level Annotations

Branches:
Dungeon (1/1)

Altars:


Innate Abilities, Weirdness & Mutations

You are slightly more attuned to the shadows.
Your movements are slightly less encumbered by armour. (ER -2)


Message History

The adder zombie bites you but does no damage.
The adder zombie bites you.
You slice the adder zombie!!
You destroy the adder zombie!
Your Axes skill increases to level 3!
You closely miss the sky beast. You block the sky beast's attack.
You miss the sky beast. The sky beast completely misses you.
You block the sky beast's attack.
You miss the sky beast. You block the sky beast's attack.
You slash the sky beast!
The sky beast is heavily wounded.
The sky beast flickers out of sight!
Deactivating autopickup; reactivate with Ctrl-A.
Something hits you but does no damage. Something hits you.
Something shocks you.
* * * LOW HITPOINT WARNING * * *
You slash something! Something hits you.
* * * LOW HITPOINT WARNING * * *
Something shocks you.
You die... ▓▓▓▓▓▓▓▓▓▓▓▓▓▓▓▓▓▓ ▓<..()....@{55...+ ▓▓▓▓▓▓▓▓▓▓▓▓▓▓▓▓▓▓

You could see 2 shadow imps.

Vanquished Creatures
  An orc wizard (D)
  An adder zombie (D)
  A goblin (D)
  3 hobgoblins (D)
  A kobold (D)
7 creatures vanquished.

Notes
Turn   | Place    | Note
-------+----------+-------------------------------------------
     0 | D        | galech the Demonspawn Fighter began the quest for the Orb.
     0 | D        | Reached XP level 1. HP: 18/18 MP: 1/1
   112 | D        | Noticed an orc wizard
   112 | D        | Noticed a sky beast
   119 | D        | Killed an orc wizard
   119 | D        | Gained mutation: Your movements are slightly less
                  | encumbered by armour. (ER -2) [demonic ancestry]
   119 | D        | Reached XP level 2. HP: 14/26 MP: 2/2
   119 | D        | Gained mutation: You are slightly more attuned to the
                  | shadows. [demonic ancestry]
   119 | D        | Reached XP level 3. HP: 16/31 MP: 3/3
   131 | D        | Slain by a sky beast

Vault maps used:
D:        linesprint

Skill      XL: |  1  2  3 |
---------------+----------+-----
Armour         | 4 |  4.1
Shields        | 4 |  4.1
Axes           | 2 3 |  3.0
Fighting       | 4 |  4.4

Action                   || total
-------------------------++-------
Melee: War axe           ||    38
  Use: Potion            ||     1
Armor: Scale mail        ||    14
Dodge: Dodged            ||     8
Block: Shield            ||    16

Table legend:
 A = Non-vault XP
 B = Vault XP
 C = Vault XP percentage of total XP
 D = Non-vault monster count
 E = Vault monster count
 F = Vault count percentage of total count
                 A         B        C        D         E       F
            +---------+---------+-------+---------+---------+-------
      Total |       0 |      54 | 100.0 |       0 |       7 | 100.0
            +---------+---------+-------+---------+---------+-------
          D |       0 |      54 | 100.0 |       0 |       7 | 100.0
            +---------+---------+-------+---------+---------+-------
